Map: Nightshade LE

Players

IMwtG

  • Race: Zerg Zerg
  • League: Platinum
  • Spawn Location: 11:00

prospeKt - Winner!

  • Race: Zerg Zerg
  • League: Platinum
  • Spawn Location: 5:00

VOD

Have the link to the VOD?

Description

Time

  • Played on: June 3, 2020, 8:04 a.m.
  • Length: 5:35
Show
View Real Time Build Order
Export as new Build Order

IMwtG Zerg 

Build Orders:  

Get SALT Encoding   

Show
View Real Time Build Order
Export as new Build Order

prospeKt Zerg - Winner!

Build Orders: Hatch First 

Get SALT Encoding   

  12  0:00  Drone  
  13  0:12  Overlord  
  13  0:18  Drone  
  14  0:34  Drone x2  
  16  0:40  Drone  
  17  0:55  Hatchery  
  17  0:56  Drone  
  17  1:00  Drone  
  18  1:14  Spawning Pool  
  18  1:17  Drone  
  18  1:22  Drone  
  18  1:25  Extractor  
  18  1:30  Drone  
  19  1:40  Drone  
  20  1:53  Drone  
  21  2:00  Drone  
  22  2:07  Queen x2  
  22  2:08  Overlord  
  26  2:19  Drone x2  
  28  2:31  Drone x2  
  28  2:36  Drone  
  31  2:43  Queen  
  33  2:46  Zergling x4  
  35  2:53  Overlord  
  35  2:55  Zergling x2  
  36  2:59  Lair  
  36  3:06  Spine Crawler  
  36  3:07  Drone  
  36  3:23  Drone x8  
  36  3:25  Overlord  
  44  3:33  Roach Warren  
  43  3:35  Evolution Chamber  
  42  3:49  Overlord x2  
  42  3:54  Drone x2  
  44  3:58  Overlord x2, Extractor x2  
  42  4:07  Drone x2  
  46  4:17  Roach x2  
  48  4:45  Roach x7  
  62  4:46  Overlord  
Tags
 
Matchup
ZvZ
Race
Zerg
Spawn Locations
Cross Positions
Add a new tag
Caveats
  • Supply blocks, unpowered buildings, or Contaminate may cause inaccurate times.
  • Supply counts are checked every 10 seconds.